Map: Prion Terraces

Players

LilDicky

  • Race: Terran Terran
  • League: Diamond

Sidereal - Winner!

  • Race: Zerg Zerg
  • League: Diamond

VOD

http://www.twitch.tv/tumescentpie

Description

Time

  • Played on: Nov. 26, 2015, 2:29 p.m.
  • Length: 7:51
Show
View Real Time Build Order
Export as new Build Order

LilDicky Terran 

Build Orders: 1/1/1 

Get SALT Encoding   

  12  0:03  SCV  
  13  0:15  SCV  
  13  0:19  Supply Depot  
  14  0:27  SCV  
  15  0:31  Refinery  
  15  0:40  SCV  
  16  0:45  Barracks  
  16  0:53  SCV  
  17  1:05  SCV  
  17  1:09  Refinery  
  18  1:23  SCV  
  19  1:33  Supply Depot  
  19  1:35  Marine  
  19  1:39  Orbital Command  
  20  1:41  Factory  
  20  1:52  Marine  
  21  2:06  SCV  
  22  2:10  Supply Depot, Marine  
  23  2:23  SCV  
  23  2:26  Factory Tech Lab  
  23  2:28  Starport  
  24  2:32  Marine  
  25  2:45  Siege Tank  
  25  2:50  SCV, Marine  
  29  2:57  Supply Depot  
  29  3:07  Medivac  
  29  3:11  Marine  
  32  3:21  SCV, Siege Tank  
  36  3:29  Marine  
  36  3:34  Supply Depot  
  37  3:36  SCV  
  37  3:37  Medivac  
  40  3:47  Marine  
  41  3:52  Supply Depot  
  41  3:53  Siege Tank  
  44  4:05  Marine  
  44  4:09  Liberator  
  45  4:23  Marine  
  49  4:37  Command Center  
  45  5:01  Siege Tank  
  48  5:17  Medivac  
  50  5:33  Siege Tank  
  41  5:56  Starport Tech Lab  
  41  6:00  Engineering Bay  
  41  6:03  Marine  
  42  6:04  Command Center  
  40  6:20  Marine  
  40  6:25  Banshee, Cloaking Field  
  38  6:49  Planetary Fortress  
  38  6:53  Missile Turret  
  38  7:07  Banshee  
  41  7:18  SCV  
  41  7:19  Orbital Command  
  45  7:33  SCV  
  45  7:36  Factory  
Show
View Real Time Build Order
Export as new Build Order

Sidereal Zerg - Winner!

Build Orders: Hatch First 

Get SALT Encoding   

  12  0:00  Drone  
  13  0:12  Overlord  
  13  0:20  Drone  
  14  0:31  Drone  
  14  0:32  Drone  
  14  0:35  Drone  
  17  0:46  Drone  
  18  0:58  Hatchery  
  18  1:01  Drone  
  18  1:14  Spawning Pool  
  18  1:16  Drone  
  18  1:21  Drone, Extractor  
  18  1:29  Drone  
  19  1:39  Overlord  
  19  2:00  Queen  
  21  2:01  Zergling x4  
  23  2:10  Drone  
  23  2:13  Queen  
  26  2:16  Zergling x2  
  27  2:24  Metabolic Boost  
  27  2:26  Drone x2  
  29  2:36  Overlord  
  29  2:42  Queen  
  31  2:48  Drone x3  
  31  2:49  Queen  
  36  3:01  Drone x2  
  38  3:10  Overlord  
  38  3:18  Queen  
  40  3:20  Overlord  
  40  3:24  Queen  
  42  3:27  Hatchery  
  42  3:29  Drone x2  
  43  3:35  Overlord  
  43  3:40  Drone x4  
  43  3:41  Drone  
  48  3:50  Drone x4  
  52  4:00  Spore Crawler  
  52  4:02  Spore Crawler  
  50  4:07  Zergling x10  
  50  4:08  Roach Warren  
  53  4:14  Overlord  
  53  4:19  Zergling x10  
  58  4:27  Zergling x2  
  59  4:35  Zergling x2  
  59  4:43  Zergling x10  
  64  4:51  Extractor  
  64  4:52  Lair  
  63  4:58  Zergling x2  
  63  4:59  Zergling x8  
  68  5:04  Drone x3  
  68  5:05  Drone  
  68  5:06  Queen  
  71  5:15  Zergling x6  
  73  5:22  Extractor, Queen  
  73  5:23  Overlord x3  
  70  5:43  Queen  
  63  5:57  Drone, Spire, Queen  
  63  5:58  Drone x6  
  63  6:02  Extractor  
  69  6:07  Zergling x8  
  73  6:15  Evolution Chamber  
  73  6:16  Evolution Chamber  
  67  6:19  Zergling x8  
  67  6:20  Zergling x8  
  73  6:28  Drone x2  
  75  6:38  Drone x6  
  79  6:48  Overlord  
  79  6:52  Drone, Extractor  
  79  6:53  Drone x3  
  82  6:56  Overlord  
  79  7:10  Mutalisk x5  
  79  7:11  Mutalisk  
  88  7:26  Extractor  
  91  7:39  Hatchery  
  91  7:40  Hatchery  
Tags
 
Add a new tag
Caveats
  • Supply blocks, unpowered buildings, or Contaminate may cause inaccurate times.
  • Supply counts are checked every 10 seconds.